Map: Ruines de Seras

Players

cliquici

  • Race: Protoss Protoss
  • League: Platinum

Worming - Winner!

  • Race: Zerg Zerg
  • League: Diamond

VOD

Have the link to the VOD?

Description

Time

  • Played on: Nov. 15, 2015, 8:22 a.m.
  • Length: 9:53
Show
View Real Time Build Order
Export as new Build Order

cliquici Protoss 

Build Orders: Oracle Opening 

Get SALT Encoding   

  12  0:02  Probe (Chrono Boost)  
  13  0:12  Probe (Chrono Boost)  
  14  0:21  Pylon  
  14  0:23  Probe (Chrono Boost)  
  15  0:39  Probe (Chrono Boost)  
  15  0:42  Gateway  
  16  0:45  Assimilator  
  17  0:50  Probe (Chrono Boost)  
  17  0:55  Assimilator  
  17  1:00  Probe (Chrono Boost)  
  18  1:11  Probe (Chrono Boost)  
  19  1:17  Pylon  
  19  1:22  Probe (Chrono Boost)  
  20  1:29  Cybernetics Core  
  20  1:35  Probe (Chrono Boost)  
  20  1:36  Zealot  
  23  1:45  Probe (Chrono Boost)  
  24  1:58  Probe (Chrono Boost)  
  25  2:05  Stalker  
  27  2:10  Stargate  
  27  2:11  Probe (Chrono Boost)  
  28  2:36  Nexus  
  28  2:46  Pylon  
  28  2:48  Warp Gate  
  28  2:53  Mothership Core (Chrono Boost)  
  29  3:06  Oracle (Chrono Boost)  
  29  3:12  Probe  
  33  3:18  Gateway  
  33  3:23  Pylon  
  33  3:30  Probe  
  34  3:38  Oracle (Chrono Boost)  
  37  3:43  Probe  
  39  3:55  Probe  
  39  4:01  Forge  
  39  4:02  Gateway  
  39  4:05  Probe  
  39  4:07  Probe  
  41  4:15  Probe  
  41  4:19  Probe  
  41  4:23  Pylon  
  43  4:26  Probe  
  43  4:30  Pylon  
  44  4:42  Twilight Council  
  44  4:44  Assimilator  
  44  4:49  Protoss Ground Weapons Level 1  
  44  4:52  Probe  
  44  4:53  Probe  
  46  5:02  Probe  
  46  5:05  Probe  
  48  5:13  Probe  
  48  5:18  Probe  
  50  5:23  Resonating Glaives, Assimilator  
  50  5:24  Probe  
  50  5:25  Adept x2  
  50  5:26  Adept  
  57  5:30  Probe  
  57  5:34  Probe  
  58  5:42  Probe, Pylon  
  60  5:45  Probe  
  61  5:54  Probe  
  61  5:55  Probe  
  63  6:06  Probe x2  
  65  6:16  Probe, Forge  
  65  6:18  Probe  
  67  6:22  Nexus  
  67  6:25  Pylon  
  67  6:26  Pylon  
  67  6:27  Gateway x2  
  67  6:29  Gateway  
  67  6:30  Probe  
  68  6:36  Probe  
  69  6:42  Probe  
  70  6:51  Stalker x3  
  70  6:52  Protoss Ground Weapons Level 2 (Chrono Boost)  
  76  6:54  Protoss Ground Armor Level 1 (Chrono Boost)  
  76  7:03  Gateway  
  76  7:05  Gateway  
  76  7:07  Gateway  
  76  7:10  Pylon  
  76  7:13  Templar Archives  
  76  7:16  Dark Shrine  
  76  7:27  Probe x2  
  76  7:39  Probe x2  
  76  7:40  Stalker x2  
  76  7:41  Stalker x2  
  76  7:42  Stalker  
  76  7:44  Probe  
  89  7:51  Probe  
  90  8:03  Robotics Facility  
  90  8:05  Pylon  
  90  8:06  Assimilator  
  90  8:07  Pylon  
  90  8:08  Assimilator  
  90  8:14  Stalker x3  
  90  8:16  Stalker  
  98  8:22  Pylon  
  98  8:37  Dark Templar x2  
  98  8:38  Dark Templar x3  
  98  8:39  Dark Templar x2  
  112  8:58  Nexus  
  112  9:02  Pylon  
  112  9:05  Assimilator  
  112  9:09  Assimilator  
  112  9:15  Adept x2  
  112  9:16  Adept x3  
  98  9:37  Stalker x2  
  98  9:38  Stalker x2  
Show
View Real Time Build Order
Export as new Build Order

Worming Zerg - Winner!

Build Orders: Hatch First, Lurkers 

Get SALT Encoding   

  12  0:01  Drone  
  13  0:13  Overlord  
  13  0:18  Drone  
  14  0:32  Drone x2  
  16  0:35  Drone  
  17  0:55  Hatchery  
  16  0:58  Drone  
  17  1:06  Extractor  
  16  1:15  Spawning Pool  
  16  1:18  Drone  
  16  1:21  Drone  
  17  1:36  Drone  
  17  1:37  Drone  
  19  1:46  Drone  
  20  1:51  Overlord  
  20  2:01  Queen  
  20  2:07  Queen  
  24  2:09  Metabolic Boost  
  24  2:14  Zergling x2  
  25  2:16  Drone  
  26  2:28  Drone  
  27  2:36  Drone x4  
  31  2:41  Queen  
  33  3:00  Drone x3  
  33  3:04  Overlord  
  36  3:16  Overlord  
  36  3:18  Extractor  
  35  3:21  Queen  
  37  3:27  Roach Warren  
  37  3:33  Drone x3, Hatchery  
  37  3:50  Spore Crawler  
  37  3:52  Spore Crawler  
  37  3:53  Queen  
  37  3:58  Zergling x10  
  37  4:01  Drone x2  
  44  4:17  Drone  
  44  4:18  Drone  
  44  4:19  Evolution Chamber  
  44  4:20  Evolution Chamber  
  44  4:21  Evolution Chamber  
  44  4:22  Drone  
  45  4:24  Overlord  
  45  4:41  Drone x6  
  45  4:43  Drone x3  
  54  4:46  Zerg Missile Weapons Level 1  
  54  4:49  Zerg Ground Armor Level 1  
  54  4:54  Drone  
  55  5:01  Lair  
  55  5:03  Drone  
  55  5:04  Drone x2  
  56  5:16  Spore Crawler  
  56  5:19  Extractor  
  56  5:20  Extractor  
  53  5:21  Drone x3  
  53  5:22  Drone x3  
  53  5:23  Overlord  
  59  5:33  Drone x2  
  59  5:35  Drone  
  62  5:36  Drone x4  
  62  5:38  Overlord  
  62  5:42  Drone x3  
  69  5:43  Drone  
  68  6:05  Glial Reconstitution  
  68  6:09  Hydralisk Den  
  68  6:10  Roach x7  
  81  6:12  Overlord x2  
  81  6:13  Extractor  
  81  6:14  Extractor  
  81  6:16  Zergling x2  
  80  6:25  Overlord  
  80  6:26  Overseer  
  80  6:27  Pneumatized Carapace  
  80  6:31  Overlord  
  80  6:41  Roach  
  80  6:42  Roach x8  
  98  6:52  Lurker Den  
  98  6:54  Overlord x2  
  98  6:55  Zergling x2  
  98  6:56  Zergling x8  
  98  7:00  Zerg Missile Weapons Level 2  
  103  7:05  Drone  
  103  7:06  Drone  
  103  7:07  Drone x4  
  109  7:18  Zerg Ground Armor Level 2  
  109  7:22  Zergling x4, Roach x2  
  115  7:23  Zergling x2  
  113  7:45  Ravager x4  
  117  7:57  Hydralisk  
  117  7:58  Hydralisk x5  
  119  7:59  Zergling x2  
  119  8:01  Overlord  
  119  8:02  Overlord x2  
  130  8:08  Infestation Pit  
  130  8:09  Hatchery, Zergling x2, Roach  
  130  8:10  Zergling x2  
  128  8:24  Ravager  
  125  8:38  Hydralisk x3  
  131  8:43  Lurker x4  
  131  8:45  Zergling x2, Hydralisk  
  131  8:46  Zergling x12  
  144  9:00  Drone x3  
  147  9:16  Hydralisk x3  
  151  9:17  Zergling x2  
  151  9:23  Extractor  
  150  9:27  Spine Crawler  
  150  9:28  Extractor  
Tags
 
Add a new tag
Caveats
  • Supply blocks, unpowered buildings, or Contaminate may cause inaccurate times.
  • Supply counts are checked every 10 seconds.